 Dungeon Crawl Stone Soup version 0.30.1-4-g462c640d31 (webtiles) character file.

Game seed: 1013328250272870294

6806 rvierbuc the Ducker (level 10, -3/126 HPs)
             Began as a Demigod Conjurer on Aug 20, 2023.
             Killed from afar by a deep elf pyromancer (17 damage)
             ... with a bolt of fire
             ... on level 9 of the Dungeon on Aug 21, 2023.
             The game lasted 00:51:36 (11061 turns).

rvierbuc the Ducker (Demigod Conjurer)             Turns: 11061, Time: 00:51:40

Health: -3/126     AC: 10    Str:  8    XL:     10   Next: 48%
Magic:  10/23      EV: 15    Int: 32    God:
Gold:   464        SH: 10    Dex: 18    Spells: 14/21 levels left

rFire   . . .        e - +1 whip
rCold   . . .        s - +0 buckler
rNeg    . . .        R - +0 troll leather armour
rPois   .            n - +2 hat
rElec   .            Q - +1 cloak {Stlth+}
rCorr   .            J - +0 pair of gloves
SInv    +            j - +0 pair of boots
Will    +....        x - amulet of reflection Stlth
                     q - ring of see invisible
HPRegen 1.21/turn    H - +6 ring of dexterity
MPRegen 0.18/turn

%: reflection
@: berserking (expiring), very quick
A: high MP 1, forlorn, divine attributes
a: no special abilities


You were on level 9 of the Dungeon.
You visited 2 branches of the dungeon, and saw 10 of its levels.

You collected 464 gold pieces.

Inventory:

Hand Weapons
 d - a +0 flail of holy wrath
 e - a +1 whip (weapon)
 o - the +4 sling of Sulphur {elec, rElec rCorr Dex-5}
   (You found it on level 2 of the Dungeon)

   Dex:       It affects your dexterity (-5).
   rElec:     It insulates you from electricity.
   rCorr:     It protects you from acid and corrosion.
 D - a +1 great mace of protection
 F - a +0 rapier
 G - a +0 scythe of protection
 I - a +4 halberd
 U - a +1 antimagic flail
Missiles
 l - 28 poisoned darts
 V - a throwing net
Armour
 a - a +0 robe
 j - a +0 pair of boots (worn)
 n - a +2 hat (worn)
 s - a +0 buckler (worn)
 y - a +0 helmet
 A - a +0 tower shield
 J - a +0 pair of gloves (worn)
 P - a +0 pair of boots
 Q - a +1 cloak of stealth (worn)
 R - a +0 troll leather armour (worn)
Magical Staves
 O - a staff of fire
Jewellery
 q - a ring of see invisible (left hand)
 x - an amulet of reflection (around neck)
 E - a ring of see invisible
 H - a +6 ring of dexterity (right hand)
Wands
 p - a wand of paralysis (11)
 v - a wand of light (10)
 S - a wand of roots (2)
Scrolls
 g - 2 scrolls of enchant weapon
 i - 9 scrolls of teleportation
 r - 2 scrolls of fear
 t - 2 scrolls of poison
 z - a scroll of amnesia
 N - 2 scrolls of torment
 T - a scroll of enchant armour
Potions
 b - a potion of magic
 c - 2 potions of resistance
 f - 3 potions of berserk rage
 h - a potion of heal wounds
 k - 2 potions of curing
 m - 2 potions of might
 u - a potion of brilliance {unknown}
 w - a potion of haste
 B - a potion of lignification {unknown}
 C - a potion of ambrosia {unknown}
 K - a potion of mutation {unknown}
 L - 4 potions of cancellation {unknown}
 M - a potion of flight {unknown}


   Skills:
 * Level 6.6 Fighting
 + Level 1.1 Maces & Flails
 + Level 1.4 Armour
 * Level 7.9 Dodging
 + Level 4.4 Stealth
 + Level 4.3 Shields
 + Level 6.1 Spellcasting
 + Level 7.5 Conjurations


You had 14 spell levels left.
You knew the following spells:

 Your Spells              Type           Power      Damage    Failure   Level
a - Magic Dart            Conj           100%       1d8       1%          1
b - Searing Ray           Conj           100%       2d8       1%          2
c - Fulminant Prism       Conj/Hex       17%        3d10      21%         4

Your spell library contained the following spells:

 Spells                   Type           Power      Damage    Failure   Level
 Foxfire                  Conj/Fire      100%       2x1d9     1%          1
 Dazzling Flash           Conj/Hex       68%        N/A       6%          3
 Ensorcelled Hibernation  Hex/Ice        18%        N/A       14%         2
 Iskenderun's Mystic Bla  Conj/Tloc      34%        2d8       21%         4
 Spider Form              Tmut/Pois      9%         N/A       28%         3
 Fireball                 Conj/Fire      17%        3d9       50%         5
 Anguish                  Hex/Necr       4%         N/A       67%         4
 Starburst                Conj/Fire      17%        6d6       97%         6
 Plasma Beam              Fire/Air       4%         2x1d16    100%        6


Dungeon Overview and Level Annotations

Branches:
Dungeon (9/15)             Temple (1/1) D:7
   Lair: D:8-11         Orc: D:9-12

Shops:
D:3 *   D:6 !


Innate Abilities, Weirdness & Mutations

You have an increased reservoir of magic. (+10% MP)
You shall have no god before yourself.
Your divine heritage dramatically boosts your attributes as you level up.


Message History

You hit the fire elemental.
The fire elemental is heavily damaged.
The deep elf pyromancer casts a spell at you.
The bolt of fire hits the fire elemental.
The fire elemental completely resists.
The bolt of fire hits you! You block the fire elemental's attack.
You whack the fire elemental!
The fire elemental is almost destroyed.
You block the fire elemental's attack.
You closely miss the fire elemental.
The fire elemental is almost destroyed.
You block the fire elemental's attack.
The deep elf pyromancer casts a spell at you.
The bolt of fire misses the fire elemental.
The bolt of fire hits you!!
* * * LOW HITPOINT WARNING * * *
You closely miss the fire elemental.
The fire elemental is almost destroyed.
You block the fire elemental's attack.
You hit the fire elemental.
The fire elemental is almost destroyed.
You block the fire elemental's attack.
You closely miss the fire elemental.
The fire elemental is almost destroyed.
The fire elemental barely misses you.
You whack the fire elemental!
You destroy the fire elemental!
The fire elemental disappears in a puff of smoke!
The deep elf pyromancer casts a spell.
You whack the fire elemental!
The fire elemental is moderately damaged.
The fire elemental hits you. The fire elemental burns you!
* * * LOW HITPOINT WARNING * * *
You hit the fire elemental.
The fire elemental is moderately damaged.
You block the fire elemental's attack.
The deep elf pyromancer gestures at you while chanting.
The bolt of fire hits the fire elemental.
The fire elemental completely resists.
The bolt of fire hits you!
You die...

..... ..... ..... .....
..... ##################
#)$(#.....#.....#.
......#.).#.○○.☼#.....#.
#.....#@:?#°○#☼.#..#..#.
#.....#E###○○#..#..#.)#†
#.....#eE☼°°.#.....#..†.
##.....#..○°..#.....#....
#......##################
#........................
#........................
#......##################
#......#......#.....#....


You could see a deep elf pyromancer and 2 fire elementals.

Vanquished Creatures
  Maurice (D:8)
  A troll (D:9)
  2 hornets
  Grinder (D:2)
  A slime creature (D:9)
  Sigmund (D:5)
  2 wyverns
  A shadow (D:6)
  A wraith (D:9)
  2 steam dragons
  2 vampire mosquitoes
  3 water moccasins
  6 orc warriors
  2 ice beasts (D:8)
  A sky beast (D:6)
  An ogre (D:7)
  6 centaurs
  3 kobold brigands
  4 bullfrogs
  A gnoll sergeant (D:9)
  4 scorpions
  4 wights
  14 killer bees
  3 howler monkeys
  2 jellies (D:7)
  An orc priest (D:8)
  7 hounds
  A gnoll bouda (D:9)
  Jessica (D:3)
  3 iguanas
  3 sleepcaps
  Terence (D:3)
  Ijyb (D:3)
  3 orc wizards
  10 adders
  5 gnolls (D:9)
  A white imp (D:8)
  2 ufetubi
  5 dart slugs
  12 orcs
  4 bats
  8 endoplasms
  2 giant cockroaches (D:2)
  7 goblins
  6 hobgoblins
  5 jackals
  12 kobolds
  6 quokkas
  6 ball pythons
  5 frilled lizards
  7 rats
  A spectral hobgoblin (D:2)
194 creatures vanquished.

Vanquished Creatures (others)
  2 fulminant prisms
2 creatures vanquished.

Grand Total: 196 creatures vanquished

Notes
Turn   | Place    | Note
-------+----------+-------------------------------------------
     0 | D:1      | rvierbuc the Demigod Conjurer began the quest for the Orb.
     0 | D:1      | Reached XP level 1. HP: 14/14 MP: 5/5
   216 | D:1      | Reached XP level 2. HP: 20/20 MP: 1/7
   754 | D:1      | Reached XP level 3. HP: 27/27 MP: 3/8
  1689 | D:2      | Reached XP level 4. HP: 34/34 MP: 4/9
  1862 | D:2      | Identified the +4 sling of Sulphur {elec, rElec rCorr
                  | Dex-5}
  2248 | D:2      | Learned a level 2 spell: Searing Ray
  2253 | D:2      | Learned a level 4 spell: Fulminant Prism
  2367 | D:3      | Noticed Grinder
  2377 | D:2      | Killed Grinder
  2378 | D:2      | Reached skill level 1 in Fighting
  2378 | D:2      | Reached skill level 5 in Conjurations
  2378 | D:2      | Reached XP level 5. HP: 5/41 MP: 1/12
  2564 | D:3      | Noticed Terence
  2573 | D:3      | Killed Terence
  2574 | D:3      | Reached XP level 6. HP: 48/48 MP: 4/13
  2735 | D:3      | You fall into a shaft and drop 1 floor!
  2950 | D:3      | Noticed Ijyb
  2952 | D:3      | Paralysed by Ijyb for 5 turns
  2962 | D:3      | Killed Ijyb
  3520 | D:3      | Found Culeu's General Store.
  3694 | D:3      | Noticed Jessica
  3695 | D:3      | Killed Jessica
  4656 | D:5      | Entered Level 5 of the Dungeon
  4918 | D:5      | Reached XP level 7. HP: 56/56 MP: 8/15
  5575 | D:5      | Noticed Sigmund
  5584 | D:5      | Killed Sigmund
  6122 | D:6      | Reached XP level 8. HP: 66/66 MP: 13/18
  6393 | D:6      | Found Detywk's Distillery.
  6542 | D:6      | Reached skill level 1 in Shields
  6545 | D:6      | Reached skill level 5 in Spellcasting
  6558 | D:6      | HP: 3/67 [poisoned by a killer bee]
  7043 | D:7      | Found a staircase to the Ecumenical Temple.
  7085 | Temple   | Entered the Ecumenical Temple
  7562 | D:7      | Reached skill level 5 in Fighting
  7562 | D:7      | Reached XP level 9. HP: 68/74 MP: 12/20
  8031 | D:7      | Reached skill level 5 in Dodging
  8328 | D:7      | Identified the +10 shortbow of Elosy {flame, rN+ Will+
                  | Str-5 Int+2 Dex+3}
  8638 | D:8      | Paralysed by a hornet for 1 turns
  9194 | D:8      | Noticed Maurice
  9210 | D:8      | Paralysed by Maurice for 4 turns
  9221 | D:8      | Paralysed by Maurice for 2 turns
  9228 | D:8      | Paralysed by Maurice for 5 turns
  9248 | D:8      | Killed Maurice
  9249 | D:8      | Reached skill level 1 in Maces & Flails
  9892 | D:9      | Reached XP level 10. HP: 83/83 MP: 12/22
 10269 | D:9      | Noticed a two-headed ogre
 10784 | D:9      | Reached skill level 1 in Armour
 11020 | D:9      | Noticed a deep elf pyromancer
 11061 | D:9      | Killed from afar by a deep elf pyromancer

Illustrated notes

Levels and vault maps discovered:
D:1:      dpeg_arrival_tiny_a, layout_basic
D:2:      layout_basic, dreamdust_ecumenical_altar_drowned_temple, basic_altar,
          reono_crystal_passage
D:3:      layout_basic, mainiacjoe_overflow_paths, serial_shops, shop,
          minmay_splitting_lines, minmay_door_square, minmay_misc_feat_iff,
          uniq_ijyb, uniq_grinder, uniq_terence, uniq_jessica
D:4:      layout_gridville, kennysheep_slug_shrine
D:5:      layout_basic, minmay_misc_feat_enclosed, uniq_sigmund
D:6:      layout_basic, kennysheep_mini_moat, serial_shops, shop,
          nrook_mini_backslash
D:7:      kennysheep_big_flooded_room, layout_cave_pools,
          mainiacjoe_overflow_catwalk, minmay_temple_entry_arrows,
          serial_column_ruins, column_ruins_hut_pillars, column_ruins_hut,
          column_ruins_open_tiny, column_ruins_open_medium,
          column_ruins_columns_dead_end, glass_columns_c, minmay_checkerbox
D:8:      layout_basic, led_sif_pool, hex_large, minmay_misc_feat_hallway,
          uniq_maurice
D:9:      kennysheep_windowed_halls, layout_irregular_city,
          grunt_temple_overflow_open
Temple:   nicolae_temple_god_jail

Skill      XL: |  1  2  3  4  5  6  7  8  9 10 |
---------------+-------------------------------+-----
Conjurations   | 4 5 6 7 |  7.5
Stealth        | 2 3 4 |  4.4
Spellcasting   | 2 3 4 5 6 |  6.1
Fighting       | 1 2 4 5 6 |  6.6
Dodging        | 2 4 7 |  7.9
Shields        | 2 3 4 |  4.3
Maces & Flails | 1 |  1.1
Armour         | 1 |  1.4

Action                     |  1- 3 |  4- 6 |  7- 9 | 10-12 || total
---------------------------+-------+-------+-------+-------++-------
  Melee: Unarmed           |     9 |       |       |       ||     9
         Whip              |     5 |     2 |    14 |    73 ||    94
   Cast: Magic Dart        |   100 |    63 |    76 |    11 ||   250
         Searing Ray       |       |    18 |    75 |    39 ||   132
         Fulminant Prism   |       |       |     1 |     1 ||     2
    Use: Scroll            |       |    12 |     3 |       ||    15
         Potion            |       |       |     5 |     3 ||     8
 Armour: Robe              |     6 |     7 |    37 |       ||    50
         Troll leather arm |       |       |       |    34 ||    34
  Dodge: Dodged            |    13 |    22 |   121 |    83 ||   239
  Block: Buckler           |       |     4 |    88 |    93 ||   185
         Reflection        |       |       |     8 |       ||     8
